[Event "Late-Titled-Tuesday-Blitz-September-19-2023"]
[Site "Chess.com"]
[Date "2023.09.19"]
[Round "9"]
[White "atigerman"]
[Black "dretch"]
[Result "0-1"]
[WhiteElo "2697"]
[BlackElo "2855"]
[TimeControl "180+1"]
[EndTime "15:45:10 PDT"]
[Termination "dretch won on time"]

1. e4 e6 2. d4 d5 3. Nd2 c5 4. Ngf3 cxd4 5. Nxd4 Nf6 6. exd5 a6 7. Bd3 Qxd5 8. N4f3 Nbd7 9. O-O Bb4 10. a3 Ba5 11. b4 Bc7 12. Bb2 O-O 13. Re1 b5 14. Ne4 Qh5 15. Nxf6+ Nxf6 16. Bxf6 gxf6 17. Re4 Bb7 18.
Rh4 Bxf3 19. Rxh5 Bxd1 20. Rxd1 f5 21. g4 fxg4 22. Rg5+ Kh8 23. Rxg4 Rg8 24. h3 Be5 25. Kf1 Rxg4 26. hxg4 Bb2 27. c4 bxc4 28. Bxc4 Bxa3 29. Ra1 Bxb4 30. Rxa6 Rc8 31. Bd3 Rc1+ 32. Kg2 Rd1 33. Be4 Rd2 34. Ra8+ Kg7 35. Rc8 Rd4 36. Kf3 Be7 37.
Rc2 Bh4 38. Ra2 Rc4 39. Re2 Rc3+ 40. Re3 Rc1 41. Re2 Ra1 42. Rc2 h6 43. Kg2 Ra4 44. Re2 Kf6 45. Kf3 Kg5 46. Re3 f5 47.
gxf5 exf5 48. Bd3 Rf4+ 49. Kg2 Rxf2+ 50. Kh3 Rf4 51. Be2 Bf2 52. Rf3 Rh4+ 53. Kg2 Be1 54. Bd3 f4 55. Rh3 Rg4+ 56. Kf3 Rg1 57. Rh2 Bg3 58.
Ra2 Re1 59. Ra5+ Kh4 60. Bg6 Re3+ 61. Kg2 f3+ 0-1

[Event "Late-Titled-Tuesday-Blitz-September-19-2023"]
[Site "Chess.com"]
[Date "2023.09.19"]
[Round "9"]
[White "DefiantChair"]
[Black "Chessdreamer2020"]
[Result "1-0"]
[WhiteElo "2610"]
[BlackElo "2537"]
[TimeControl "180+1"]
[EndTime "15:45:11 PDT"]
[Termination "DefiantChair won on time"]

1. e4 d6 2. d4 Nf6 3. Nc3 c6 4. f4 d5 5. e5 Ng8 6. Nf3 h5 7. Bd3 g6 8. Be3 Nh6 9. h3 Bf5 10. O-O e6 11. b3 h4 12. Ne2 Be7 13. Bf2 Nd7 14. c4 Kf8 15. c5 b6 16. b4 bxc5 17. dxc5 a5 18. Bxf5 Nxf5 19. a3 Kg7 20. Ned4 Nxd4 21.
Nxd4 Qc7 22. Rb1 axb4 23. axb4 Ra2 24. Qg4 Kf8 25. Nf3 Qd8 26. Rfc1 Nb8 27. b5 cxb5 28. c6 Na6 29. Rxb5 Kg7 30. Rb7 Nc7 31. Bb6 Ba3 32. Bxc7 Qa8 33. Rf1 Qa6 34. Bb6 Rb2 35. Ng5 Qxb7 36. cxb7 Rxb6 37. Nf3 Rxb7 38. Nxh4 Bc5+ 39.
Kh1 Rb4 40. Qg5 Rb7 41. f5 exf5 42. Nxf5+ Kg8 43. Nd6 Rd7 44. Qf6 Bxd6 45. exd6 Kh7 46. Re1 Rhd8 47. Re7 Rxe7 48. Qxe7 Ra8 49. d7 1-0

[Event "Late-Titled-Tuesday-Blitz-September-19-2023"]
[Site "Chess.com"]
[Date "2023.09.19"]
[Round "9"]
[White "ElDivis"]
[Black "jk13"]
[Result "1-0"]
[WhiteElo "2533"]
[BlackElo "2626"]
[TimeControl "180+1"]
[EndTime "15:45:14 PDT"]
[Termination "ElDivis won by resignation"]

1. Nf3 d5 2. d4 c6 3. c4 Nf6 4. e3 Bg4 5. h3 Bh5 6. g4 Bg6 7. Nbd2 Nbd7 8. Bg2 e6 9. O-O Ne4 10.
Nxe4 Bxe4 11. b3 Bd6 12. c5 Bc7 13. Bb2 h5 14. Ne5 Bxg2 15. Kxg2 Bxe5 16. dxe5 Nxc5 17. Ba3 Nd7 18. Bd6 Qh4 19. f4 hxg4 20. Qxg4 O-O-O 21. Qxh4 Rxh4 22. Be7 Rh5 23. Bxd8 Kxd8 24. Kh2 Nc5 25. b4 Ne4 26. a4 Kc7 27. Ra2 g6 28. Rc2 Rh8 29. Rd1 Kb6 30. Rd4 Re8 31. h4 Rh8 32.
Kh3 Rh5 33. Kg4 Rh8 34. Rh2 Rh5 35. Rxe4 dxe4 36. Rd2 Kc7 37. Rd4 Rh8 38. Rxe4 b6 39. Kg5 Rd8 40. Kf6 Rd7 41. Rd4 c5 42. bxc5 bxc5 43.
Rc4 Kc6 44. e4 Kb6 45. f5 exf5 46. exf5 gxf5 47. h5 Rd4 48. Rc1 Rh4 49. Kxf7 Rxh5 50. e6 f4 51. Re1 c4 52. e7 Rh8 53. Re4 Kc5 54. Rxf4 c3 55. e8=Q Rxe8 56. Kxe8 c2 57.
Rf1 Kb4 58. Rc1 Kb3 59. Kd7 a5 60. Kc6 Kb2 61. Rxc2+ Kxc2 62. Kb5 Kb3 63. Kxa5 Kc4 64. Kb6 1-0

[Event "Late-Titled-Tuesday-Blitz-September-19-2023"]
[Site "Chess.com"]
[Date "2023.09.19"]
[Round "9"]
[White "Arystanner"]
[Black "SlipperySpeedster"]
[Result "1-0"]
[WhiteElo "2807"]
[BlackElo "2648"]
[TimeControl "180+1"]
[EndTime "15:45:16 PDT"]
[Termination "Arystanner won by resignation"]

1. d4 d5 2. c4 e6 3. Nf3 c5 4. cxd5 exd5 5. Nc3 Nc6 6. e3 Nf6 7.
Bb5 Be7 8. O-O O-O 9. dxc5 Bxc5 10. b3 a6 11. Bxc6 bxc6 12. Bb2 Bd6 13. Rc1 Bg4 14. h3 Bh5 15. Na4 Rc8 16. Nc5 Ne4 17. Nxe4 dxe4 18. Qd4 Qf6 19. Qxf6 gxf6 20. Nd4 Rfd8 21.
Nxc6 Re8 22. Nd4 Be5 23. g4 Bg6 24. Kg2 h5 25. Rfd1 Kg7 26. Ba1 hxg4 27. hxg4 Rxc1 28. Rxc1 Rh8 29. Rh1 Rc8 30. Rd1 Rh8 31. Ne2 Rh2+ 32. Kg1 Rh4 33. Bxe5 fxe5 34. Rd6 Rxg4+ 35. Kf1 Rh4 36.
Rxa6 Rh1+ 37. Kg2 Re1 38. Ng3 f5 39. Ra7+ Kf6 40. Ra6+ Kg5 41. f4+ exf3+ 42. Kxf3 Bf7 43. b4 Bd5+ 44. Kf2 Rb1 45. a3 Rb2+ 46. Ke1 f4 47. exf4+ exf4 48. Nf1 Rb1+ 49. Kd2 Bg2 50. Nh2 Kh4 51. Rg6 Kh3 52. Ng4 Be4 53. Nf2+ Kh2 54. Nxe4 Rb2+ 55. Kc3 Re2 56. Nd2 Re3+ 57. Kb2 Re2 58.
Kc1 Re1+ 59. Kc2 Re2 60. a4 f3 61. Kd3 1-0

[Event "Late-Titled-Tuesday-Blitz-September-19-2023"]
[Site "Chess.com"]
[Date "2023.09.19"]
[Round "9"]
[White "MBA_CHESS_2021"]
[Black "kleopl"]
[Result "0-1"]
[WhiteElo "2189"]
[BlackElo "2464"]
[TimeControl "180+1"]
[EndTime "15:45:21 PDT"]
[Termination "kleopl won by checkmate"]

1. d4 Nf6 2. c4 e6 3. Nc3 Bb4 4. e3 c5 5. Bd3 cxd4 6. exd4 d5 7. Ne2 Nc6 8. O-O O-O 9. Bg5 dxc4 10. Bxc4 Be7 11. Rc1 Nb4 12. a3 Nbd5 13. Bd3 b6 14. Nxd5 Nxd5 15. Bxe7 Qxe7 16. Nc3 Bb7 17. Qh5 g6 18.
Qh6 Qf6 19. Rfd1 Nf4 20. Be4 Ne2+ 21. Nxe2 Bxe4 22. Ng3 Bd5 23. Nh5 Qh8 24. Nf4 Rfd8 25. Rc7 a5 26. Rd3 Rac8 27. Nxd5 exd5 28. Qf4 Qg7 29.
h4 Re8 30. Rdc3 Rxc7 31. Rxc7 h5 32. Kh2 Re6 33. f3 Re8 34. Rd7 Re2 35. Rxd5 Rxb2 36. Rd8+ Kh7 37. Rd7 Kg8 38. Rd8+ Kh7 39. Rd7 Kg8 40.
Qb8+ Kh7 41. Qc7 Kg8 42. Qd8+ Qf8 43. Qf6 Qg7 44. Rd8+ Kh7 45. Qd6 Rd2 46. Rd7 Kg8 47. Qf4 Rd3 48. Qb8+ Kh7 49. Qxb6 Rxa3 50. Qc7 Kg8 51.
Qd8+ Kh7 52. Qe7 Rd3 53. Qxf7 Qxf7 54. Rxf7+ Kg8 55. Ra7 Rxd4 56. Rxa5 Rxh4+ 57. Kg3 Rb4 58. Ra6 Kg7 59. Rc6 Kh6 60. Rd6 Kg5 61. Rc6 h4+ 62.
Kh3 Kh5 63. Rc5+ g5 64. Rf5 Rb1 65. f4 Rh1# 0-1

[Event "Late-Titled-Tuesday-Blitz-September-19-2023"]
[Site "Chess.com"]
[Date "2023.09.19"]
[Round "9"]
[White "Quattroporte300"]
[Black "victormago"]
[Result "0-1"]
[WhiteElo "2402"]
[BlackElo "2535"]
[TimeControl "180+1"]
[EndTime "15:45:22 PDT"]
[Termination "victormago won by resignation"]

1. e4 c5 2. Nf3 d6 3. d4 cxd4 4. Nxd4 Nf6 5. Nc3 a6 6. h3 e5 7. Nde2 h5 8. Bg5 Be6 9. Bxf6 Qxf6 10. Nd5 Qd8 11. Qd3 Nd7 12. O-O-O Rc8 13. Kb1 Nf6 14.
Nec3 Nxd5 15. Nxd5 Qa5 16. Be2 Bxd5 17. Qxd5 Qxd5 18.
Rxd5 g6 19. Rhd1 Be7 20. c3 Rc7 21. R1d2 f6 22. Bd1 Kf7 23. Bb3 Kg7 24. Ra5 f5 25. exf5 gxf5 26. f4 Kf6 27. fxe5+ dxe5 28. Rdd5 b6 29.
Rxa6 Bc5 30. Bd1 h4 31. b4 Bg1 32. Kb2 Rg8 33. Rd6+ Ke7 34. Rd2 Rg3 35. Rc2 Kf6 36.
a4 Kg5 37. a5 bxa5 38. Rxa5 e4 39. Bg4 Rf7 40. c4 Kf4 41. Bd1 Bd4+ 42. Kb1 Rfg7 43. Raa2 Rb3+ 44. Kc1 Rxb4 45. c5 Be3+ 46. Rd2 Rc4+ 47.
Rc2 Bxd2+ 48. Kxd2 Rxc2+ 49. Bxc2 Rxg2+ 50. Kc3 Ke5 51. Ba4 Rg3+ 52. Kb4 Rxh3 53. Kb5 Rc3 54. c6 h3 55. Kb4 Rc1 56. Bb3 h2 57. Bc4 Rxc4+ 58.
Kxc4 Kd6 59. Kb5 h1=Q 0-1

[Event "Late-Titled-Tuesday-Blitz-September-19-2023"]
[Site "Chess.com"]
[Date "2023.09.19"]
[Round "9"]
[White "SEBAZZANO"]
[Black "dorpato"]
[Result "1-0"]
[WhiteElo "2209"]
[BlackElo "2006"]
[TimeControl "180+1"]
[EndTime "15:45:22 PDT"]
[Termination "SEBAZZANO won on time"]

1. d4 Nf6 2. Bf4 g6 3. Nc3 d5 4. e3 Bg7 5. h4 h5 6. Nf3 Bg4 7. Be2 O-O 8. Ne5 Bxe2 9. Qxe2 Nbd7 10. O-O-O c6 11. f3 Nxe5 12. Bxe5 Qd7 13. Rdg1 Rfe8 14. g4 hxg4 15. fxg4 Ne4 16. Nxe4 dxe4 17. h5 Bxe5 18. dxe5 g5 19. Qf2 Qe6 20. Qf5 Qxf5 21. gxf5 f6 22. Rg4 Kh7 23. Rxe4 Rad8 24. Rd1 Kh6 25. Rh1 fxe5 26.
Rxe5 Rd5 27. Re6+ Kg7 28. Rg6+ Kh7 29. Rxg5 e6 30. h6 Rxf5 31. Rg7+ Kh8 32. Rxb7 Rf3 33.
Rxa7 Rxe3 34. a4 Re4 35. b3 c5 36. Rc7 c4 37. Rxc4 Rxc4 38. bxc4 Ra8 39. Kd2 Rxa4 40. Kd3 e5 41. c3 Kh7 42. Rh5 e4+ 43. Kxe4 Rxc4+ 44. Kd3 Rc6 45. Kd4 Rc8 46. c4 Kg6 47.
Rh2 Rd8+ 48. Kc3 Rc8 49. h7 Kg7 50. Kd4 Rd8+ 51. Kc5 Rc8+ 52. Kd6 1-0

[Event "Late-Titled-Tuesday-Blitz-September-19-2023"]
[Site "Chess.com"]
[Date "2023.09.19"]
[Round "9"]
[White "WPWPWP-2015"]
[Black "GlavkonVVS"]
[Result "1-0"]
[WhiteElo "2555"]
[BlackElo "2602"]
[TimeControl "180+1"]
[EndTime "15:45:29 PDT"]
[Termination "WPWPWP-2015 won on time"]

1. e4 Nf6 2. Nc3 d6 3. d4 e5 4. Nf3 Nbd7 5. Bc4 Be7 6. O-O O-O 7. h3 c6 8. a4 a5 9. Re1 Qc7 10. Ba2 exd4 11. Nxd4 Nc5 12. f4 Re8 13. Qf3 Bf8 14. Kf1 Ne6 15. Be3 g6 16. Rad1 Bg7 17.
f5 Nxd4 18. Bxd4 gxf5 19. exf5 Bd7 20. Qg3 Rxe1+ 21. Rxe1 Nh5 22. Qg4 Kh8 23. Re7 Rf8 24. f6 Bxg4 25. fxg7+ Nxg7 26. Rxc7 Be6 27. Bxe6 fxe6+ 28.
Ke2 e5 29. Bb6 Ne6 30. Rxb7 Nf4+ 31. Kd2 Nxg2 32. Rd7 Rf6 33. Bc7 Nh4 34. Bxd6 Kg8 35. Bxe5 Nf3+ 36. Ke3 Nxe5 37. Rd8+ Kf7 38. Ne4 Rg6 39.
Rc8 Ke7 40. Rc7+ Ke6 41. Ra7 Nc4+ 42. Kd4 Nxb2 43. Rxh7 Nxa4 44. Ra7 c5+ 45. Kd3 Kd5 46. Rd7+ Kc6 47. Ra7 Kb5 48. Ra8 Nb6 49. Rb8 c4+ 50.
Kd4 Rh6 51. Nc3+ Kc6 52. Ne4 Rh4 53. Rf8 a4 54. Rf6+ Kb5 55. Ke5 Rh5+ 56. Kd4 Rh4 57. Ke5 a3 58. Rf3 1-0

[Event "Late-Titled-Tuesday-Blitz-September-19-2023"]
[Site "Chess.com"]
[Date "2023.09.19"]
[Round "9"]
[White "lluiss"]
[Black "zsoltkorpics"]
[Result "1/2-1/2"]
[WhiteElo "2264"]
[BlackElo "2341"]
[TimeControl "180+1"]
[EndTime "15:45:32 PDT"]
[Termination "Game drawn by repetition"]

1. Nf3 Nf6 2. d4 e6 3. g3 b5 4. Bg2 Bb7 5. O-O c5 6. a4 b4 7. b3 cxd4 8. Qxd4 Nc6 9. Qd1 Be7 10. Bb2 O-O 11. Nbd2 Rc8 12. Nc4 d6 13. Nd4 Ba8 14. Nb5 d5 15. Ne5 Nxe5 16. Bxe5 a6 17. Nd4 Nd7 18. Nf3 Nxe5 19. Nxe5 Qc7 20. Nd3 Qxc2 21. Rc1 Qxd1 22. Rfxd1 Bb7 23. e3 a5 24. Bf1 Rxc1 25.
Rxc1 Rc8 26. Rxc8+ Bxc8 27. Ne5 Bb7 28. Bb5 Bc5 29. Nc6 Bb6 30. Kf1 Kf8 31. Ke2 f6 32. Nd4 Ke7 33. f4 Kd6 34. Kd3 g6 35. Be8 e5 36.
fxe5+ fxe5 37. Ne2 Ke6 38. Bb5 Kf5 39. Bd7+ Kf6 40. h4 Ba6+ 41. Kd2 Ke7 42. Bc6 Kd6 43.
Be8 Bc7 44. Bf7 Bb7 45. Bg8 h6 46. Bh7 g5 47. hxg5 hxg5 48. g4 Bc8 49. Bf5 Bxf5 50. gxf5 Ke7 51. e4 Kf6 52. Ke3 Bb6+ 53. Kf3 d4 54. Nc1 Bc7 55. Nd3 Bd6 56. Kg4 Be7 57.
Kf3 Bf8 58. Kg4 Bd6 59. Kf3 Be7 60. Kg4 Bf8 61. Kf3 Bd6 62. Kg4 Bf8 63. Kf3 Bd6 1/2-1/2

[Event "Late-Titled-Tuesday-Blitz-September-19-2023"]
[Site "Chess.com"]
[Date "2023.09.19"]
[Round "9"]
[White "artin10862"]
[Black "Jospem"]
[Result "0-1"]
[WhiteElo "2924"]
[BlackElo "3073"]
[TimeControl "180+1"]
[EndTime "15:45:34 PDT"]
[Termination "Jospem won on time"]

1. d4 Nf6 2. c4 e6 3. Nf3 Bb4+ 4. Bd2 c5 5. Bxb4 cxb4 6. e3 b6 7. a3 bxa3 8. Rxa3 a5 9. b4 Nc6 10. bxa5 bxa5 11. Be2 O-O 12. O-O Qe7 13. c5 d6 14.
cxd6 Qxd6 15. Nfd2 Nd5 16. Nc4 Qe7 17. Nc3 Ba6 18.
Qa1 Bxc4 19. Bxc4 Ndb4 20. Rc1 Rfc8 21. Ne4 Rcb8 22. Bf1 h6 23. g3 Rb6 24. Nc5 Ra7 25.
Bg2 Qd6 26. Rac3 Ne7 27. Qa4 Rb8 28. Nb3 Nbd5 29. Rc5 Qb6 30. Nxa5 Rba8 31. Ra1 f5 32. Rb5 Qc7 33. Rc5 Qb6 34. Rb5 Qd8 35. Rc5 Kh7 36.
Qa3 Ra6 37. Bf1 R6a7 38. Bg2 Kg6 39. Qa4 Ra6 40. Bf1 R6a7 41. Qb5 h5 42. h4 Kh6 43.
Ra4 Qf8 44. Ra2 Qf6 45. Qc4 g5 46. hxg5+ Qxg5 47. Bg2 h4 48. gxh4 Qg4 49. f3 Qg3 50. Qe2 Qxh4 51. Qf2 Qg5 52. f4 Qg4 53. Qf3 Qg6 54.
Qh3+ Kg7 55. Kf2 Nf6 56. Bxa8 Rxa8 57. Qg3 Ne4+ 0-1

[Event "Late-Titled-Tuesday-Blitz-September-19-2023"]
[Site "Chess.com"]
[Date "2023.09.19"]
[Round "9"]
[White "Nf3c5"]
[Black "RIPOL"]
[Result "1-0"]
[WhiteElo "2545"]
[BlackElo "2417"]
[TimeControl "180+1"]
[EndTime "15:45:35 PDT"]
[Termination "Nf3c5 won by resignation"]

1. d4 Nf6 2. Nf3 d5 3. Bf4 c5 4.
e3 Nc6 5. Nbd2 e6 6. c3 Bd6 7. Bg3 b6 8. Bb5 Bb7 9. Qa4 Qc7 10.
Bxd6 Qxd6 11. Ne5 Rc8 12. Qxa7 Qc7 13. dxc5 bxc5 14. Nxc6 Bxc6 15. Qxc5 Nd7 16. Qxc6 Qxc6 17. Bxc6 Rxc6 18. Kd1 Ne5 19. Kc2 Ng4 20. Raf1 Ke7 21. h3 Nf6 22. f3 Rhc8 23. a4 e5 24. Nb3 Rc4 25. Ra1 d4 26. exd4 exd4 27. Nd2 R4c6 28.
Rhe1+ Kf8 29. c4 Nd5 30. b3 Nb4+ 31. Kd1 Nd3 32. Re2 Nf4 33. Rf2 Nd3 34. Rf1 Rg6 35. g4 Rh6 36. Kc2 Nb4+ 37. Kb2 Rxh3 38. Rh1 Rxh1 39. Rxh1 h6 40. a5 Ra8 41. Ra1 Nc6 42.
a6 Nb4 43. Ra4 Nxa6 44. b4 Nc7 45. Rxa8+ Nxa8 46. Kc2 Ke7 47. Kd3 Nc7 48. Kxd4 Ne6+ 49. Ke3 g6 50. Ne4 h5 51. gxh5 gxh5 52. b5 Kd7 53. c5 Kc7 54. f4 f5 55. Ng3 Nxc5 56. Nxf5 Kb6 57. Ng7 Kxb5 58. Nxh5 Ne6 59. f5 Ng5 60. Kf4 Nf7 61. f6 Kc6 62. Kf5 Nd6+ 63.
Kg6 Kd7 64. Ng7 Kd8 65. Nf5 Nxf5 66. Kxf5 Ke8 67. Kg6 Kf8 68. f7 Ke7 69. Kg7 1-0

[Event "Late-Titled-Tuesday-Blitz-September-19-2023"]
[Site "Chess.com"]
[Date "2023.09.19"]
[Round "9"]
[White "hellokostya"]
[Black "slorovel"]
[Result "1-0"]
[WhiteElo "2614"]
[BlackElo "2510"]
[TimeControl "180+1"]
[EndTime "15:45:40 PDT"]
[Termination "hellokostya won by checkmate"]

1. Nf3 g6 2. e4 c5 3. d4 cxd4 4. Nxd4 Nc6 5. c4 Bg7 6. Be3 Nf6 7. Nc3 Ng4 8. Qxg4 Nxd4 9. Qd1 e5 10. Bd3 O-O 11. O-O d6 12. Nb5 a6 13. Nxd4 exd4 14.
Bd2 Be6 15. f4 Rc8 16. b3 b5 17. cxb5 axb5 18. f5 Bd7 19. Qf3 Re8 20. f6 Bf8 21. h4 h5 22. Bg5 Bg4 23. Qf4 Rc3 24. Bh6 Re6 25. Bxf8 Qxf8 26. Bxb5 Re3 27. Bc6 Re2 28. Bd5 Re5 29. Rf2 d3 30. Rxe2 dxe2 31. Kf2 Qc8 32. Rc1 Qd8 33. b4 Qb6+ 34. Qe3 Qd8 35. Qf4 Qb6+ 36.
Kg3 Qxb4 37. Bxf7+ Kh7 38. Bg8+ Kxg8 39. f7+ Kh7 40.
f8=Q e1=Q+ 41. Rxe1 Qxe1+ 42. Qf2 Qxf2+ 43. Qxf2 Rxe4 44. Qf7+ Kh6 45. Qf8+ Kh7 46. Qxd6 Bf5 47. Qc7+ Kh6 48. Qd8 Kh7 49. Kh2 Ra4 50. Qe7+ Kh6 51. Qf8+ Kh7 52.
Qf7+ Kh6 53. Qg8 Rxh4+ 54. Kg1 Kg5 55. Qd8+ Kg4 56. a4 g5 57. a5 Kg3 58. Qd6+ Rf4 59.
a6 Kg4 60. Qd1+ Kh4 61. Qe1+ Kg4 62. Qe2+ Kh4 63. a7 Ra4 64. Qe1+ Kg4 65. Qd1+ Kg3 66. Qxa4 h4 67. Qa3+ Kg4 68. a8=Q h3 69. Q8f3+ Kh4 70. Qxh3+ Bxh3 71. Qxh3# 1-0

[Event "Late-Titled-Tuesday-Blitz-September-19-2023"]
[Site "Chess.com"]
[Date "2023.09.19"]
[Round "9"]
[White "BillieKimbah"]
[Black "SpeedofLight0"]
[Result "1-0"]
[WhiteElo "2985"]
[BlackElo "3080"]
[TimeControl "180+1"]
[EndTime "15:45:41 PDT"]
[Termination "BillieKimbah won by checkmate"]

1. Nf3 c5 2. c4 Nc6 3. Nc3 Nf6 4.
d4 cxd4 5. Nxd4 e6 6. g3 Qb6 7. Nb3 Bb4 8. Bg2 Ne5 9. c5 Bxc5 10.
Nxc5 Qxc5 11. O-O O-O 12. Bf4 d6 13. Rc1 Qb6 14. Qb3 Qxb3 15. axb3 Bd7 16. Rfd1 Bc6 17. Rxd6 Bxg2 18. Kxg2 Nc6 19. Bg5 Rfd8 20. Rxd8+ Rxd8 21. Ne4 Rd4 22. Nxf6+ gxf6 23. Bxf6 Rb4 24. Rc3 h6 25.
Rd3 Kh7 26. h4 Kg6 27. Bh8 h5 28. f4 a5 29. Kf3 f6 30. e3 e5 31. Rd6 e4+ 32. Ke2 Rxb3 33. Bxf6 a4 34. Bc3+ Kf7 35.
Kd2 a3 36. bxa3 Rxa3 37. f5 Ra2+ 38. Kc1 Rg2 39. Rd7+ Ke8 40. Rxb7 Rxg3 41. f6 Rf3 42. Rc7 Nd8 43. Re7+ Kf8 44. Kd2 Nf7 45. Rxe4 Nd6 46.
Bb4 Rxf6 47. Rd4 Ke7 48. Kd3 Re6 49. e4 Kd7 50. Rxd6+ Rxd6+ 51. Bxd6 Kxd6 52. Kd4 Ke6 53. e5 Ke7 54. Ke4 Ke6 55. Kf4 Ke7 56. Kf5 Kf7 57. Kg5 Ke6 58. Kxh5 Kf5 59. e6 Kxe6 60. Kg6 Ke7 61. Kg7 Ke6 62. h5 Kf5 63. h6 Kg5 64. h7 Kf5 65. h8=Q Ke6 66. Qh6+ Kd5 67. Qf6 Ke4 68.
Kg6 Kd3 69. Qe5 Kc4 70. Qd6 Kc3 71. Qd5 Kc2 72. Qd4 Kb3 73. Qc5 Kb2 74. Qc4 Ka3 75. Qb5 Ka2 76. Qb4 Ka1 77. Kf7 Ka2 78. Ke6 Ka1 79.
Kd5 Ka2 80. Ke4 Ka1 81. Kf3 Ka2 82. Ke2 Ka1 83. Kd1 Ka2 84. Kc2 Ka1 85. Qa4# 1-0

[Event "Late-Titled-Tuesday-Blitz-September-19-2023"]
[Site "Chess.com"]
[Date "2023.09.19"]
[Round "9"]
[White "stolencandy13"]
[Black "Laico"]
[Result "1/2-1/2"]
[WhiteElo "2567"]
[BlackElo "2416"]
[TimeControl "180+1"]
[EndTime "15:45:42 PDT"]
[Termination "Game drawn by repetition"]

1. d4 e6 2. Bf4 f5 3. g4 fxg4 4. h3 g3 5. Bxg3 Nf6 6. Nc3 Bb4 7. Qd3 O-O 8. Bg2 Nc6 9. Nf3 d6 10. O-O-O Bxc3 11. Qxc3 Ne4 12. Qd3 Nxg3 13. fxg3 Qf6 14. e4 e5 15. dxe5 Nxe5 16. Nxe5 Qxe5 17. Qd5+ Qxd5 18. exd5 Rf2 19. Rd2 Rxd2 20. Kxd2 Bd7 21. h4 Re8 22. Bh3 Bxh3 23. Rxh3 Re5 24. c4 Re4 25.
Kd3 Rg4 26. b3 Kf7 27. Ke3 Kf6 28. Kf3 Rd4 29. Rh2 Kf5 30. Rf2 Kg6 31. Re2 Rd3+ 32. Kf4 Kf7 33. g4 Rd4+ 34. Kf3 Rd3+ 35. Ke4 Rh3 36.
h5 Kf6 37. Kf4 Kf7 38. Rf2 Rh1 39. Kg5+ Ke7 40. Re2+ Kf7 41. Kf5 Rf1+ 42. Kg5 h6+ 43. Kh4 Rf3 44. Rd2 Kf6 45. Re2 Kf7 46. Rg2 Kf6 47.
Rd2 Kf7 48. Rb2 Kf6 49. Rg2 Kf7 50. g5 Rf4+ 51. Rg4 Rxg4+ 52. Kxg4 hxg5 53. Kxg5 Kg8 54. Kg6 Kf8 55. b4 a6 56. a3 b6 57. a4 Kg8 58. Kg5 Kf7 59. Kf5 Ke7 60. Kg6 Kf8 61. a5 bxa5 62. bxa5 Kg8 63. Kg5 Kf7 64. Kf5 Ke7 65.
Kg6 Kf8 66. Kh7 Kf7 67. Kh8 Kf8 68. Kh7 Kf7 69. Kh8 Kf8 70. Kh7 1/2-1/2

[Event "Late-Titled-Tuesday-Blitz-September-19-2023"]
[Site "Chess.com"]
[Date "2023.09.19"]
[Round "9"]
[White "zverr1"]
[Black "traack"]
[Result "1/2-1/2"]
[WhiteElo "2496"]
[BlackElo "2370"]
[TimeControl "180+1"]
[EndTime "15:45:42 PDT"]
[Termination "Game drawn by repetition"]

1. d4 Nf6 2. c4 e6 3. Nf3 d5 4. g3 Bb4+ 5. Bd2 Be7 6. Bg2 O-O 7. O-O c6 8. Qb3 b6 9. Nc3 a5 10. cxd5 cxd5 11. Ne5 Bb7 12. a4 Nbd7 13. Bf4 Nxe5 14. Bxe5 Ba6 15. Nb5 Bxb5 16. Qxb5 Bd6 17. Bxd6 Qxd6 18.
Rfc1 Rfc8 19. h3 g6 20. Bf3 Kg7 21. Kg2 h5 22. h4 Rc7 23. Rxc7 Qxc7 24. Ra3 Qd6 25.
Rc3 Rb8 26. e3 Ne8 27. Rc6 Qd8 28. Qb3 Nd6 29. Qc2 Nc4 30. Rxc4 dxc4 31. Qxc4 Qd6 32.
Qb5 Rc8 33. Qg5 Rc7 34. Bxh5 Qd5+ 35. Qxd5 exd5 36. Bf3 Rc4 37. b3 Rb4 38. Bxd5 b5 39.
axb5 Rxb5 40. Bc4 Rb4 41. Bd5 Rb5 42. e4 Rb4 43. Kf3 Rxd4 44. Ke3 Rb4 45. Kd3 Kf6 46. f4 Ke7 47. g4 f6 48. h5 gxh5 49. gxh5 a4 50.
bxa4 Rxa4 51. Ke3 Ra3+ 52. Kf2 Rh3 53. e5 fxe5 54. fxe5 Rh2+ 55. Ke3 Rxh5 56. Kf4 Rh4+ 57. Kf5 Rb4 58. Be4 Rb5 59. Bf3 Ra5 60. Be4 Kf7 61. Bf3 Ra3 62. Bh5+ Ke7 63. Be2 Ra2 64. Bc4 Rf2+ 65. Ke4 Rc2 66. Kd4 Rc1 67. Kd3 Rd1+ 68. Ke4 Rg1 69. Kf4 Ra1 70. Kf5 Ra4 71. Bd5 Ra5 72.
Bc4 Ra4 73. Bg8 Ra5 74. Bc4 Ra4 1/2-1/2

[Event "Late-Titled-Tuesday-Blitz-September-19-2023"]
[Site "Chess.com"]
[Date "2023.09.19"]
[Round "9"]
[White "floplover"]
[Black "Mariia89"]
[Result "1-0"]
[WhiteElo "2329"]
[BlackElo "2056"]
[TimeControl "180+1"]
[EndTime "15:45:45 PDT"]
[Termination "floplover won by checkmate"]

1. e4 c6 2. Nf3 d5 3. d3 dxe4 4.
dxe4 Qxd1+ 5. Kxd1 Bg4 6. Nd2 Nd7 7. c3 e5 8. Be2 Bc5 9. Rf1 Ngf6 10. Kc2 O-O 11. h3 Bh5 12. Bd3 Rad8 13. b4 Bb6 14.
Nc4 Rfe8 15. Nd6 Rf8 16. Nxb7 Rb8 17. Nd6 Rfd8 18. Bg5 Bxf3 19. gxf3 h6 20. Be3 Nf8 21. Nf5 Kh7 22. Bc4 Rd7 23. Rad1 Bxe3 24. fxe3 Rbd8 25. Rxd7 Rxd7 26. Rd1 g6 27. Rxd7 N6xd7 28. Ne7 f5 29. exf5 gxf5 30. Nxf5 c5 31. b5 Kg6 32. Nd6 Kh5 33.
Nf5 Kg5 34. Bd3 h5 35. a4 Nb6 36. a5 Nd5 37. Kd2 Nf6 38. c4 h4 39. Be4 Ne6 40. Kd3 Nh5 41. b6 axb6 42. axb6 Nd8 43. Ne7 Ng3 44.
b7 Nxb7 45. Bxb7 Nf1 46. Bc8 Nh2 47. Nc6 Nxf3 48. Ke2 Ng1+ 49. Kf2 Nxh3+ 50. Bxh3 e4 51. Bg2 Kf6 52. Bxe4 h3 53. Bh1 Ke6 54. Na5 Kd6 55. Nb3 Kc7 56. Kg3 h2 57. Kh3 Kd6 58. Kxh2 Ke5 59. Kg3 Kd6 60. Kf4 Ke6 61. e4 Ke7 62.
e5 Ke6 63. Bd5+ Ke7 64. Kf5 Ke8 65. e6 Ke7 66. Ke5 Ke8 67. Kf6 Kd8 68. e7+ Ke8 69. Bc6# 1-0

[Event "Late-Titled-Tuesday-Blitz-September-19-2023"]
[Site "Chess.com"]
[Date "2023.09.19"]
[Round "9"]
[White "ameetghasi100"]
[Black "Zhigalko_Sergei"]
[Result "1-0"]
[WhiteElo "2712"]
[BlackElo "2826"]
[TimeControl "180+1"]
[EndTime "15:45:46 PDT"]
[Termination "ameetghasi100 won on time"]

1. c4 e5 2. Nc3 Nf6 3. e3 Nc6 4. Nf3 Bb4 5. Qb3 Ba5 6. Be2 O-O 7. a3 Re8 8. O-O d6 9. d3 h6 10.
Nd5 Nxd5 11. cxd5 Ne7 12. Nd2 Bb6 13. Nc4 Nxd5 14. a4 Nf6 15. Qc3 d5 16. Nxb6 axb6 17. b4 d4 18. Qc2 dxe3 19. Bxe3 Bg4 20. f3 Bf5 21. Rfc1 Nd5 22. Bd2 Qd7 23. Bf1 Red8 24. a5 b5 25. Qc5 c6 26. Ra3 Ra6 27. Re1 f6 28. Bc1 Nc7 29. Qf2 Ne6 30. Be3 Qd6 31.
Rb3 Raa8 32. g3 Rd7 33. Bb6 Re8 34. Qe3 Nd4 35. Rb2 Qd5 36. Bg2 Qd6 37. Qf2 Bg6 38.
Bc5 Qb8 39. Rd1 Ne6 40. Bb6 Nd4 41. Re1 Kh8 42. f4 Nf5 43. g4 Nd4 44. f5 Bf7 45. Be4 Bd5 46. h4 Bxe4 47. dxe4 Rf7 48. Rd2 Qd6 49.
Bxd4 exd4 50. Rxd4 Qe5 51. Red1 Rfe7 52. Kg2 Qb8 53.
Qf3 Qe5 54. Qf2 Kh7 55. R1d2 Qb8 56. Qf3 Re5 57. R2d3 R8e7 58. Rd6 Qe8 59. Rd8 Qf7 60. g5 fxg5 61. hxg5 g6 62. f6 Rxg5+ 63. Kf2 Rc7 64.
Rb8 1-0

[Event "Late-Titled-Tuesday-Blitz-September-19-2023"]
[Site "Chess.com"]
[Date "2023.09.19"]
[Round "9"]
[White "KamlaPasand"]
[Black "Tomytoteph"]
[Result "0-1"]
[WhiteElo "2457"]
[BlackElo "2583"]
[TimeControl "180+1"]
[EndTime "15:45:51 PDT"]
[Termination "Tomytoteph won by checkmate"]

1. e4 c5 2. Nf3 g6 3. d4 cxd4 4. Nxd4 Bg7 5. Nc3 Nc6 6. Be3 Nf6 7. Bc4 O-O 8. f3 Qb6 9. Bb3 Nxe4 10. Nd5 Qa5+ 11. c3 Nxd4 12. Bxd4 e5 13. Bxe5 Bxe5 14. Ne7+ Kg7 15. fxe4 Qc5 16. Nxc8 Raxc8 17. Qd2 b5 18. O-O-O b4 19. c4 d6 20. Kb1 a5 21. Qd5 Qa7 22. Ba4 Rc5 23. Qd3 Rfc8 24. b3 Qe7 25. g3 Bf6 26. Rhf1 Rd8 27. Kc1 Rh5 28. h4 Qe5 29. Kd2 Qe7 30. Rf3 Bc3+ 31. Kc2 Re5 32. Rdf1 Rf8 33. Bc6 f6 34. Bd5 a4 35. bxa4 Qd7 36. Kb3 Ree8 37. g4 Qxg4 38. Rg3 Qxh4 39. Rh3 Qg5 40. Rfh1 h5 41. Rg3 Qh6 42.
Rhg1 g5 43. Rh3 h4 44. Rg4 Rh8 45. Qf3 Qg6 46. Rg1 Bd4 47. Rg2 Be5 48. Rg4 Kf8 49. Rh1 Ke7 50. Rb1 h3 51. Kc2 Bc3 52. Rh1 h2 53. Rg2 Be5 54. Re2 Rh4 55. a5 g4 56.
Qe3 g3 57. Qf3 Rf4 58. Qg2 Qg4 59. a6 Rf3 60. a7 Rc3+ 61. Kb1 Rc8 62. a8=Q Rxa8 63.
Bxa8 b3 64. axb3 Rxb3+ 65. Ka2 Rb4 66. Rb1 Rxb1 67. Kxb1 Qxe2 68. Qxe2 h1=Q+ 69. Ka2 Qa1+ 70. Kb3 Qb1+ 71. Ka4 Bc3 72. Ka3 Qb4+ 73. Ka2 Bd4 74. Qd3 Qb2# 0-1